 Dungeon Crawl Stone Soup version 0.18-a0-1343-g48c8f86 (webtiles) character file.

7833 namelastname112 the Martial Artist (level 11, -11/97 HPs)
             Began as a White Draconian Monk on Feb 16, 2016.
             Was an Elder of Elyvilon.
             Mangled by Snorg (28 damage)
             ... on level 9 of the Dungeon.
             The game lasted 00:20:46 (11416 turns).

namelastname112 the Martial Artist (DrMo)          Turns: 11416, Time: 00:20:47

Health: -11/97     AC: 11    Str: 14    XL:     11   Next: 2%
Magic:  13/17      EV: 17    Int: 14    God:    Elyvilon [****..]
Gold:   209        SH:  0    Dex: 16    Spells: 0 memorised, 10 levels left

rFire  + . .     SeeInvis .       - Unarmed
rCold  + . .     Gourm    +     (armour unavailable)
rNeg   . . .     Faith    .     (no shield)
rPois  .         Spirit   .     (helmet restricted)
rElec  .         Dismiss  .     d - +0 cloak
rCorr  .         Reflect  .     G - +0 pair of gloves of Vexation {MR+ Int+3}
SustAt .         Harm     .     f - +1 pair of boots
MR     +....     Clarity  +     F - amulet of the gourmand
Stlth  +++....... Rnd*Tele +    e - ring of stealth
                                r - ring of wizardry

@: short of breath, flying, very slightly contaminated, somewhat resistant to
hostile enchantments, fairly stealthy
A: breathe frost, unfitting armour, big wings, horns 1, clarity, cold resistance
1, fire resistance 1, sense surroundings 1, teleportitis 1, wild magic 2,
cold-blooded, MP-powered wands, AC +7
a: Breathe Frost, Stop Flying, Lesser Healing, Heal Other, Purification, Greater
Healing, Divine Protection, Renounce Religion


You were on level 9 of the Dungeon.
You worshipped Elyvilon.
Elyvilon was greatly pleased with you.
You were full.

You visited 2 branches of the dungeon, and saw 11 of its levels.

You collected 492 gold pieces.
You spent 283 gold pieces at shops.

Inventory:

Hand Weapons
 H - a +0 blowgun
Missiles
 o - 6 curare-tipped needles
 I - 56 poisoned needles
Armour
 d - a +0 cloak (worn)
 f - a +1 pair of boots (worn)
 G - the +0 pair of gloves of Vexation (worn) {MR+ Int+3}
   (You bought it in a shop on level 9 of the Dungeon)

   It affects your intelligence (+3).
   It affects your resistance to hostile enchantments.
Jewellery
 e - a ring of stealth (right hand)
 m - an uncursed ring of magical power
 p - an uncursed ring of protection from fire
 r - a ring of wizardry (left hand)
 F - an amulet of the gourmand (around neck)
Wands
 n - a wand of flame (0/48)
 y - a wand of digging (24/24)
 B - a wand of lightning (5/15)
Scrolls
 c - a scroll of enchant weapon
 h - 2 scrolls of fog
 i - 2 scrolls of recharging
 j - 4 scrolls of remove curse
 l - a scroll of magic mapping
 w - a scroll of enchant armour
 D - 2 scrolls of teleportation
Potions
 g - 4 potions of might
 k - a potion of berserk rage
 q - 2 potions of magic
 s - a potion of cancellation
 u - a potion of brilliance
 v - a potion of haste
 C - 2 potions of curing
 E - a potion of flight
Comestibles
 a - 7 bread rations
 b - 3 slices of pizza
 t - 2 beef jerkies
 x - a royal jelly
 z - 4 meat rations


   Skills:
 + Level 9.1 Fighting
 + Level 7.5 Dodging
 - Level 1.7 Stealth
 + Level 11.4 Unarmed Combat
 + Level 8.2 Invocations


You had 10 spell levels left.
You didn't know any spells.

Dungeon Overview and Level Annotations

Branches:
Dungeon (10/15)            Temple (1/1) D:4
   Lair: D:8-11         Orc: D:9-12

Altars:
Ashenzari
Cheibriados
Dithmenos
Elyvilon
Fedhas
Gozag
Kikubaaqudgha
Makhleb
Nemelex Xobeh
Okawaru
Pakellas
Qazlal
Ru
Sif Muna
Trog
Vehumet
Xom
Yredelemnul
The Shining One

Shops:
D:9 *

Annotations:
D:9 Snorg


Innate Abilities, Weirdness & Mutations

You can breathe waves of freezing cold.
You can buffet flying creatures when you breathe cold.
Your icy white scales are hard (AC +7).
Your body does not fit into most forms of armour.
Your flesh is cold resistant.
You are cold-blooded and may be slowed by cold attacks.
Your large and strong wings let you fly indefinitely.
You have a pair of small horns on your head.
You possess an exceptional clarity of mind.
Your flesh is heat resistant.
You passively map a small area around you.
You are occasionally teleported next to monsters.
Your spells are harder to cast, but more powerful.
You expend magic power (3 MP) to strengthen your wands.


Message History

* * * LOW HITPOINT WARNING * * *
Snorg barely misses you. The giant frog misses you.
The giant frog zombie misses you.
Unknown command.
You punch Snorg! You punch Snorg.
Snorg is almost dead.
Snorg bites you but does no damage. Snorg completely misses you.
Snorg claws you!
* * * LOW HITPOINT WARNING * * *
The giant frog hits you but does no damage.
The giant frog zombie hits you.
* * * LOW HITPOINT WARNING * * *
Unknown command.
You are healed.
You feel somewhat less full. Snorg misses you.
Snorg claws you but does no damage. Snorg claws you!
* * * LOW HITPOINT WARNING * * *
The giant frog misses you.
The giant frog zombie completely misses you.
Snorg bites you!!
You die...

#####.### ######.... ####...#
####. #....### ##( ##'##########
#####.. #...........# #.)Z'.Z
#...........##############.###).
#...........##..........#..# #..
#...........##..F.........## #..
#.[))....)..#..@T.......### #..
#...)...........Z.......# #..
#..)........##..........# ##'
#...........########.#### #.
######<.##### #..## #. ######.##
##..# #. #.......# ######'## #.
#.#####.# ####.......#### #.
#.....#.# #..'....<..'..#####


You could see Snorg (berserk), a giant frog and a giant frog zombie.

Vanquished Creatures
  Urug (D:10)
  The ghost of skk the Covert, a novice SpAs (D:7)
  2 two-headed ogres
  Prince Ribbit (D:8)
  3 yaks (D:9)
  Eustachio (D:6)
  Grum (D:8)
  Menkaure (D:6)
  Edmund (D:6)
  3 wolves (D:8)
  Duvessa (D:7)
  6 orc warriors
  3 sky beasts
  2 ice beasts (D:5)
  7 ogres
  2 black bears (D:9)
  A phantom (D:4)
  2 centaurs (D:6)
  2 big kobolds
  5 giant frogs
  Dowan (D:7)
  3 scorpions
  A wyvern skeleton (D:10)
  4 killer bees (D:9)
  3 crimson imps
  A centaur skeleton (D:4)
  3 jellies
  2 giant frog zombies
  6 hounds
  Crazy Yiuf (D:3)
  8 orc priests
  15 orc wizards
  2 iguanas
  Ijyb (D:3)
  10 worker ants
  Natasha (thrice) (D:3)
  The ghost of glosham the Slasher, a weakling HEGl (D:4)
  13 adders
  4 gnolls (D:6)
  2 shadow imps
  An ooze (D:2)
  3 adder skeletons
  A worm (D:7)
  6 giant geckos
  65 orcs
  A ball python (D:1)
  5 giant cockroaches
  10 goblins
  7 hobgoblins
  12 jackals
  16 kobolds
  7 quokkas
  8 bats
  2 giant newts
  A quokka zombie (D:6)
  8 rats
  A butterfly (D:3)
284 creatures vanquished.

Vanquished Creatures (others)
  A giant newt (D:6)
1 creature vanquished.

Grand Total: 285 creatures vanquished

Notes
Turn   | Place    | Note
--------------------------------------------------------------
     0 | D:1      | namelastname112 the Draconian Monk began the quest for the Orb.
     0 | D:1      | Reached XP level 1. HP: 19/19 MP: 1/1
    64 | D:1      | Reached XP level 2. HP: 19/26 MP: 2/2
   585 | D:2      | Reached skill level 5 in Unarmed Combat
   589 | D:2      | Reached XP level 3. HP: 17/31 MP: 3/3
  1212 | D:2      | Reached XP level 4. HP: 14/38 MP: 4/4
  1754 | D:3      | Reached skill level 6 in Unarmed Combat
  2157 | D:3      | Reached XP level 5. HP: 45/45 MP: 5/5
  2280 | D:3      | Noticed Natasha
  2287 | D:3      | Killed Natasha
  2569 | D:3      | Noticed Ijyb
  2597 | D:3      | Killed Ijyb
  2724 | D:3      | Noticed Natasha
  2755 | D:3      | Killed Natasha
  2755 | D:3      | Reached skill level 7 in Unarmed Combat
  2800 | D:3      | Noticed Crazy Yiuf
  2813 | D:3      | Killed Crazy Yiuf
  2813 | D:3      | Reached XP level 6. HP: 51/51 MP: 6/6
  2900 | D:3      | Noticed Natasha
  2908 | D:3      | Killed Natasha
  3396 | D:4      | Reached skill level 8 in Unarmed Combat
  3727 | D:3      | Reached XP level 7. HP: 53/57 MP: 7/7
  3727 | D:3      | Your scales start taking on an icy white colour.
  3727 | D:3      | Gained mutation: Your flesh is cold resistant. [White Draconian growth]
  3885 | D:4      | Found a staircase to the Ecumenical Temple.
  3901 | Temple   | Entered the Ecumenical Temple
  3946 | Temple   | Became a worshipper of Elyvilon the Healer
  3946 | Temple   | Reached * piety under Elyvilon
  3946 | Temple   | Reached ** piety under Elyvilon
  4164 | D:4      | Noticed glosham's ghost (weakling HEGl)
  4166 | D:5      | Entered Level 5 of the Dungeon
  4171 | D:4      | Killed glosham's ghost
  4501 | D:5      | Found an ancient bone altar of Kikubaaqudgha.
  4602 | D:5      | Reached skill level 1 in Invocations
  4610 | D:5      | Found an opulent altar of Gozag.
  4681 | D:5      | Found an oddly glowing altar of Pakellas.
  4717 | D:5      | Reached skill level 9 in Unarmed Combat
  4911 | D:5      | Reached XP level 8. HP: 59/67 MP: 9/9
  5160 | D:6      | Found a basalt altar of Yredelemnul.
  5419 | D:6      | Noticed Edmund
  5443 | D:6      | Killed Edmund
  5444 | D:6      | Noticed Menkaure
  5461 | D:7      | Reached skill level 5 in Fighting
  5696 | D:6      | Noticed Eustachio
  5757 | D:7      | Noticed skk's ghost (novice SpAs)
  5811 | D:6      | Killed Eustachio
  5889 | D:6      | Reached *** piety under Elyvilon
  6032 | D:6      | Found a glowing golden altar of the Shining One.
  6034 | D:6      | Noticed an angel
  6069 | D:6      | Killed Menkaure
  6148 | D:6      | Found a shimmering altar of Xom.
  6148 | D:6      | Found a sparkling altar of Nemelex Xobeh.
  6150 | D:6      | Found a blossoming altar of Fedhas.
  6150 | D:6      | Found an iron altar of Okawaru.
  6150 | D:6      | Found a shadowy altar of Dithmenos.
  6151 | D:6      | Found a stormy altar of Qazlal.
  6151 | D:6      | Found a bloodstained altar of Trog.
  6290 | D:6      | Reached XP level 9. HP: 40/75 MP: 12/12
  6813 | D:7      | Killed skk's ghost
  6813 | D:7      | Reached skill level 5 in Dodging
  6813 | D:7      | Reached skill level 10 in Unarmed Combat
  6813 | D:7      | Reached skill level 5 in Invocations
  7164 | D:7      | Noticed Dowan
  7166 | D:7      | Noticed Duvessa
  7243 | D:7      | Killed Duvessa
  7252 | D:7      | Killed Dowan
  7405 | D:7      | Found a snail-covered altar of Cheibriados.
  7505 | D:8      | Found a shattered altar of Ashenzari.
  7521 | D:8      | Gained mutation: Your large and strong wings let you fly indefinitely. [mutagenic meat]
  7522 | D:8      | Gained mutation: You expend magic power (3 MP) to strengthen your wands. [mutagenic meat]
  7523 | D:8      | Gained mutation: You possess an exceptional clarity of mind. [mutagenic meat]
  7524 | D:8      | Gained mutation: You passively map a small area around you. [mutagenic meat]
  7525 | D:8      | Gained mutation: Your spells are a little harder to cast, but a little more powerful. [mutagenic meat]
  7535 | D:8      | Gained mutation: Your spells are harder to cast, but more powerful. [potion of beneficial mutation]
  7584 | D:8      | Noticed Prince Ribbit
  7596 | D:8      | Killed Prince Ribbit
  7940 | D:8      | Noticed Grum
  7958 | D:8      | Killed Grum
  7979 | D:8      | Reached XP level 10. HP: 31/86 MP: 14/14
  8779 | D:8      | Found a deep blue altar of Sif Muna.
  8918 | D:9      | Gained mutation: You have a pair of small horns on your head. [mutagenic meat]
  8919 | D:9      | Gained mutation: Your flesh is heat resistant. [mutagenic meat]
  8967 | D:9      | Gained mutation: You are occasionally teleported next to monsters. [mutagenic meat]
  8968 | D:9      | Gained mutation: You are weak. (Str -2) [mutagenic meat]
  8969 | D:9      | Lost mutation: You are weak. (Str -2) [mutagenic meat]
  9246 | D:9      | Reached **** piety under Elyvilon
  9260 | D:9      | Reached skill level 11 in Unarmed Combat
  9616 | D:9      | Found Ozomut's Assorted Antiques.
  9619 | D:9      | Bought a scroll labeled WECECHI FACY for 27 gold pieces
  9619 | D:9      | Bought a pair of distressingly furry gloves for 256 gold pieces
  9624 | D:9      | Identified the +0 pair of gloves of Vexation {MR+ Int+3} (You bought it in a shop on level 9 of the Dungeon)
 10005 | D:10     | Entered Level 10 of the Dungeon
 10092 | D:10     | Noticed Snorg
 10293 | D:10     | Noticed Urug
 10312 | D:10     | Killed Urug
 11005 | D:10     | Reached XP level 11. HP: 61/97 MP: 17/17
 11416 | D:9      | Mangled by Snorg

Vault maps used:
D:1:      ncdulo_wetmaze, st_stairs_10
D:2:      minmay_liquid_box
D:3:      hangedman_glass_garden, hangedman_decor_push, amethyst_killhole,
          uniq_natasha, uniq_crazy_yiuf_cottage, uniq_iyjb
D:4:      minmay_temple_entry_grid, first_bread
D:5:      marbit_many_paths, kiku_gazebo_pond_becter, grunt_pakellas_basics
D:6:      grunt_temple_overflow_holy_war, grunt_temple_overflow_open,
          minivault_25, uniq_eustachio, uniq_edmund, uniq_menkaure
D:7:      slow_altar_1, uniq_duvessa
D:8:      led_sif_pool, evilmike_ruin_ashenzari, uniq_grum, uniq_prince_ribbit1
D:9:      serial_shops, kennysheep_mini_moat
D:10:     lair_0_dummy, erik_orc_1, uniq_snorg, uniq_urug
Temple:   hc_temple_tempest_star_small

Action                   |  1- 3 |  4- 6 |  7- 9 | 10-12 || total
-------------------------+-------+-------+-------+-------++-------
Melee: Unarmed           |   116 |   211 |   509 |   336 ||  1172
Invok: Greater Healing   |       |       |       |     2 ||     2
 Abil: Breathe Frost     |       |       |    23 |    13 ||    36
       Fly               |       |       |       |     1 ||     1
Evoke: Wand              |       |       |     5 |       ||     5
  Use: Potion            |     1 |     3 |     2 |     5 ||    11
       Scroll            |       |       |    17 |     6 ||    23
 Stab: Sleeping          |     2 |     4 |     3 |     4 ||    13
       Distracted        |       |     1 |       |     2 ||     3
  Eat: Chunk             |     1 |     8 |    23 |    30 ||    62
